AoeStats
← 极地沙尘暴

MegaRandom

507526788Analyzed
4v4 RM · 13d ago on Sep 18, 2026· 30m 53s· 8 players
Game mode
Random Map
Map size
Large (8 player)
Population
200
Speed
Normal
Resources
Standard
Victory
Conquest
Starting age
Dark Age
Ending age
Imperial Age
RankedLock teamsTeams togetherTeam positionsShared explorationLock speedFull tech treeHidden civsTurbo modeCheats
Victory
Defeat
🇩🇪 Mongols · Germany
1341
+15
🇪🇸 Lithuanians · Spain
1325
+16
🇷🇺 Italians · Russia
1306
+16
🇫🇷 Britons · France
1230
+20
🇹🇼 Vietnamese · Taiwan
1326
-17
🇨🇳 Jurchens · China
1320
-17
🇨🇳 Portuguese · China
1319
-17
🇹🇼 Mongols · Taiwan
1301
-16
tschipe2_0
3:45 Loom
12:01 Feudal Age
12:54 Double-Bit Axe
12:57 Horse Collar
19:04 Castle Age
19:08 Bloodlines
19:06 Scale Barding Armor
21:14 Husbandry
24:11 Heavy Plow
26:01 Chain Barding Armor
ztarug93
7:41 Loom
11:01 Feudal Age
11:34 Double-Bit Axe
13:43 Horse Collar
17:41 Scale Barding Armor
18:06 Forging
22:58 Castle Age
21:37 Bloodlines
23:51 Bow Saw
25:02 Chain Barding Armor
24:44 Husbandry
25:17 Gold Mining
31:41 Iron Casting
Moa
3:39 Loom
15:34 Feudal Age
21:45 Fletching
PILOT
10:09 Feudal Age
11:53 Fletching
13:30 Loom
16:21 Double-Bit Axe
16:35 Horse Collar
23:11 Castle Age
22:43 Gold Mining
23:18 Crossbowman
23:54 Bodkin Arrow
24:15 Bow Saw
26:24 Ballistics
27:12 Wheelbarrow
27:35 Padded Archer Armor
30:01 Heavy Plow
31:37 Gold Shaft Mining
只會5TC
11:11 Feudal Age
12:02 Loom
15:52 Forging
18:45 Scale Barding Armor
19:14 Bloodlines
25:34 Castle Age
25:01 Town Watch
26:44 Chain Barding Armor
27:00 Iron Casting
29:19 Stone Mining
30:24 Husbandry
29:44 Light Cavalry
thomas89671173
7:47 Loom
10:55 Feudal Age
13:45 Double-Bit Axe
16:50 Fletching
20:59 Horse Collar
27:17 Castle Age
28:35 Wheelbarrow
27:24 Crossbowman
28:02 Bodkin Arrow
29:09 Bow Saw
29:49 Padded Archer Armor
极地沙尘暴
9:17 Loom
11:42 Feudal Age
12:26 Horse Collar
14:00 Double-Bit Axe
16:16 Fletching
18:13 Padded Archer Armor
21:22 Wheelbarrow
26:26 Castle Age
26:31 Crossbowman
27:25 Bodkin Arrow
31:01 Ballistics
剃刀割猪头
7:21 Loom
10:17 Feudal Age
11:10 Double-Bit Axe
11:48 Horse Collar
17:25 Scale Barding Armor
19:54 Bloodlines
28:03 Castle Age
26:19 Forging
26:50 Gold Mining
28:06 Light Cavalry
28:46 Husbandry
Connection lost

Rejoining the realm…

Still unreachable

The connection could not be restored.

Session expired

The server has moved on; the page needs a fresh start.